 Dungeon Crawl Stone Soup version 0.31-a0-150-g89dc3ad700 (webtiles) character file.

Game seed: 18315737832039741278

295974 qw the Slayer (level 20, -4/209 HPs)
             Began as a Minotaur Hunter on June 8, 2023.
             Was a High Priest of Okawaru.
             Slain by the 27-headed Lernaean hydra (10 damage)
             ... on level 4 of the Swamp.
             The game lasted 00:17:10 (36491 turns).

qw the Slayer (Minotaur Hunter)                    Turns: 36491, Time: 00:17:10

Health: -4/209     AC: 30    Str: 20    XL:     20   Next: 41%
Magic:  26/26      EV: 37    Int:  6    God:    Okawaru [*****.]
Gold:   1639       SH:  0    Dex: 28    Spells: 19/19 levels left

rFire   . . .        i - +27 heavy crossbow "Sniper" {heavy, Acc+∞ SInv}
rCold   . . .        (shield currently unavailable)
rNeg    . . .        c - quicksilver dragon scales
rPois   .            u - +2 hat
rElec   .            b - +2 cloak
rCorr   +            p - +2 pair of gloves {Str+3}
SInv    +            o - +2 pair of boots
Will    ++...        x - amulet of faith
Stlth   +++          k - +6 ring of dexterity
HPRegen 0.54/turn    l - ring "Awkear" {Fly rCorr Slay+4}
MPRegen 0.20/turn

%: faith
@: lethally poisoned (-4 -> -6), about to teleport, heroic, flying
A: horns 2, retaliatory headbutt
}: 1/15 runes: serpentine
a: Renounce Religion, Heroism, Finesse, Duel


You were on level 4 of the Swamp.
You worshipped Okawaru.
Okawaru was extremely pleased with you.
You visited 7 branches of the dungeon, and saw 35 of its levels.
You visited 1 bazaar.
You also visited: Ossuary.

You collected 4669 gold pieces.
You spent 3030 gold pieces at shops.


Innate Abilities, Weirdness & Mutations

You have a pair of horns on your head.
You reflexively headbutt those who attack you in melee.


   Skills:
 - Level 24.7(27) Fighting
 + Level 21.3(26.3) Ranged Weapons
 - Level 15.0(20.0) Armour
 - Level 21.2(26.2) Dodging
 - Level 0.7(5.7) Stealth
 - Level 10.0 Invocations


You had 19 spell levels left.
You didn't know any spells.
Your spell library was empty.

Inventory:

Hand Weapons
 i - the +27 heavy crossbow "Sniper" (weapon) {heavy, Acc+∞ SInv}
   (You found it on level 4 of the Vaults)

   Acc+∞: It never misses its target.
   SInv:      It lets you see invisible.
Armour
 b - a +2 cloak (worn)
 c - quicksilver dragon scales (worn)
 h - the +3 hat of Pondering {ponderous, Will+ MP+10 Int+5}
   (You took it off Gastronok on level 3 of the Lair of Beasts)

   Int:       It affects your intelligence (+5).
   MP:        It affects your magic capacity (+10).
   Will:      It increases your willpower.
 n - a +1 robe of fire resistance
 o - a +2 pair of boots (worn)
 p - a +2 pair of gloves of strength (worn)
 r - +0 swamp dragon scales
 s - a +2 ring mail of poison resistance
 u - a +2 hat (worn)
 z - the +3 robe of Liberalism {rF++ Str+2}
   (You found it on level 2 of the Snake Pit)

   Str:       It affects your strength (+2).
   rF:        It greatly protects you from fire.
 A - a +2 robe of resistance
Jewellery
 k - a +6 ring of dexterity (left hand)
 l - the ring "Awkear" (right hand) {Fly rCorr Slay+4}
   (You acquired it on level 5 of the Dungeon)

   [ring of slaying]

   Slay:      It affects your accuracy & damage with ranged weapons and melee
   (+4).
   Fly:       It grants you flight.
   rCorr:     It protects you from acid and corrosion.
 q - an amulet of reflection
 x - an amulet of faith (around neck)
 y - a ring of protection from fire
 Y - a +5 ring of evasion
Scrolls
 j - 7 scrolls of identify
 t - 5 scrolls of enchant armour
Potions
 a - 16 potions of curing
 e - 6 potions of mutation
 f - 2 potions of haste
 g - 6 potions of might
 m - 6 potions of cancellation
 w - 2 potions of magic

Dungeon Overview and Level Annotations

Branches:
Dungeon (15/15)            Temple (1/1) D:7            Lair (5/5) D:9
  Swamp (4/4) Lair:2        Snake (4/4) Lair:3        Slime (0/5) Lair:4
    Orc (2/2) D:11            Elf (0/3) Orc:2        Vaults (4/5) D:13
  Crypt (0/3) Vaults:2     Depths (0/4) D:15        Ossuary (visited)

Altars:
Ashenzari
Cheibriados
Dithmenos
Elyvilon
Fedhas
Gozag
Hepliaklqana
Kikubaaqudgha
Makhleb
Nemelex Xobeh
Okawaru
Qazlal
Ru
Sif Muna
Trog
Uskayaw
Vehumet
Wu Jian
Xom
Yredelemnul
Zin
The Shining One
Jiyva

Shops:
D:3 =   D:8 [   D:9 ?   D:15 :*   Orc:1 :   Orc:2 (*:==   Snake:2 [

Portals:
Trove: Vaults:4 (give 17 potions of curing)

Annotations:
D:7 1 runed translucent door, Crazy Yiuf
D:10 1 runed translucent door, qw's ghost, journeyman GrFi
Lair:1 2 transporters, qw's ghost, journeyman MiHu
Swamp:4 Lernaean hydra


Message History

The 27-headed Lernaean hydra closely misses you.
The 27-headed Lernaean hydra misses you. x2
The 27-headed Lernaean hydra completely misses you. x2
The 27-headed Lernaean hydra bites you but does no damage.
The 27-headed Lernaean hydra misses you.
The 27-headed Lernaean hydra bites you but does no damage.
The 27-headed Lernaean hydra barely misses you.
The 27-headed Lernaean hydra bites you but does no damage. x5
The 27-headed Lernaean hydra barely misses you.
The 27-headed Lernaean hydra bites you.
The 27-headed Lernaean hydra bites you but does no damage. x2
The 27-headed Lernaean hydra barely misses you.
You shoot a bolt.
The bolt hits the 27-headed Lernaean hydra!!
The 27-headed Lernaean hydra is severely wounded.
You feel very sick. The swamp drake completely misses you.
You furiously retaliate!
You headbutt the swamp drake.
The swamp dragon completely misses you. x2
The swamp dragon misses you.
The swamp dragon completely misses you. x3
The 27-headed Lernaean hydra barely misses you.
The 27-headed Lernaean hydra bites you but does no damage.
The 27-headed Lernaean hydra barely misses you.
The 27-headed Lernaean hydra bites you!
The 27-headed Lernaean hydra bites you but does no damage.
The 27-headed Lernaean hydra misses you.
The 27-headed Lernaean hydra completely misses you.
The 27-headed Lernaean hydra bites you but does no damage.
The 27-headed Lernaean hydra misses you.
The 27-headed Lernaean hydra closely misses you.
The 27-headed Lernaean hydra misses you. x2
The 27-headed Lernaean hydra bites you.
The 27-headed Lernaean hydra completely misses you.
The 27-headed Lernaean hydra bites you but does no damage. x2
The 27-headed Lernaean hydra misses you.
The 27-headed Lernaean hydra bites you but does no damage. x2
The 27-headed Lernaean hydra completely misses you.
The 27-headed Lernaean hydra closely misses you.
The 27-headed Lernaean hydra completely misses you.
The 27-headed Lernaean hydra bites you!
You die... 7777 77777

77.~..~.¤ ## ####
~.777~~...777
#~####~~#### ~.77~.~.777
~¤~~~~~~~~~####~7~...77.
~#.~?##~~.~##....%...7..
..~.......%..~.~.)....7~
~~.~#%~%#~~.##...77.....
¤~~~~.~~#~######.777..7.
#~~~¤¤k@.## ##~.777~7...
#~~...DDD####~.777~7....
~#~~~.#~~~~##7777.~~7...
#~~D~~.~#~# #.~~~...
~.#D~~#.~~## ~..~#~~~
~~~#..~~~#~# ~~#~....~
..(..D...~~~# ~~.~...
~~#~~.~.~~~##
=.~~~#~~####


You could see the 27-headed Lernaean hydra, 2 five-headed hydras, 2 swamp
dragons and a swamp drake.

Vanquished Creatures
  Mara (Vaults:3)
  Sojobo (Vaults:4)
  Bai Suzhen (Swamp:3)
  Saint Roka (Vaults:1)
  A golden dragon (Vaults:3)
  Nikola (Vaults:2)
  Zenata (Vaults:1)
  3 tentacled monstrosities
  2 quicksilver dragons (Vaults:4)
  A sphinx (Vaults:2)
  An Executioner (Vaults:1)
  Gastronok (Lair:3)
  3 tengu reavers
  Donald (Vaults:3)
  Kirke (Lair:4)
  Roxanne (Snake:4)
  15 nagarajas
  A fire giant (Vaults:4)
  11 vault wardens
  12 ironbound preservers
  An orc warlord (Vaults:4)
  A war gargoyle (Vaults:4)
  2 formless jellyfish
  13 ironbound thunderhulks
  Nessos (Lair:4)
  4 bunyips
  4 eleionomae
  6 dire elephants
  4 ettins
  Snorg (Lair:3)
  A crystal guardian (Vaults:4)
  A shambling mangrove (Lair:2)
  Josephine (Lair:4)
  3 great orbs of eyes
  7 yaktaur captains
  Harold (Lair:2)
  14 anacondas
  A merfolk avatar (Lair:5)
  22 hydras
  2 ogre magi
  9 vault guards
  7 ironbound frosthearts
  2 peacekeepers (Vaults:4)
  Erica (D:9)
  9 two-headed ogres
  7 boulder beetles
  14 centaur warriors
  11 alligators
  16 naga warriors
  A dancing weapon (Vaults:4)
  A vampire mage (D:15)
  3 tengu warriors
  9 shock serpents
  14 naga sharpshooters
  A hell knight (D:15)
  3 orc high priests (Orc:2)
  Sonja (Lair:2)
  7 skeletal warriors (D:14)
  3 skysharks
  A shadow wraith (Vaults:4)
  A glowing orange brain (Vaults:3)
  3 spriggan druids
  4 sea snakes
  4 goliath frogs
  A death drake (shapeshifter) (Vaults:4)
  2 salamander mystics
  30 deep trolls
  7 naga ritualists
  3 swamp dragons (Swamp:4)
  9 orc knights
  5 bog bodies
  A swamp dragon (shapeshifter) (D:13)
  17 ironbound convokers
  2 phantasmal warriors
  8 lindwurms
  A necromancer (D:15)
  7 wizards
  6 harpies
  12 mana vipers
  6 orc sorcerers (Orc:2)
  25 ugly things
  6 deep elf pyromancers
  An oklob plant (Lair:1)
  2 manticores
  4 will-o-the-wisps
  6 cyclopes
  4 salamanders
  6 elephants
  24 black mambas
  16 vault sentinels
  A gargoyle (D:11)
  24 naga magi
  7 guardian serpents
  28 yaktaurs
  15 cane toads
  12 komodo dragons
  2 efreet (D:13)
  2 freezing wraiths
  A kobold demonologist (D:11)
  3 rime drakes
  2 tengu conjurers
  10 trolls
  3 meliai (D:14)
  4 polar bears
  12 tyrant leeches
  6 hornets
  A queen bee (shapeshifter) (D:10)
  18 blink frogs
  16 dream sheep
  3 snapping turtles (Lair:5)
  32 slime creatures
  6 spriggans
  2 shadows (D:10)
  7 wyverns
  2 vampires
  9 wraiths
  35 yaks
  3 steam dragons
  6 hogs (Lair:4)
  23 vampire mosquitoes
  7 basilisks
  Menkaure (D:7)
  10 swamp worms
  61 nagas
  4 wargs
  Duvessa (D:7)
  An acid dragon (D:11)
  14 swamp drakes
  13 water moccasins
  2 sky beasts
  An ice beast (D:7)
  24 orc warriors
  4 boggarts (D:15)
  7 ogres
  4 black bears
  12 wolves
  10 centaurs
  A phantom (D:6)
  5 kobold brigands
  14 bullfrogs
  2 gnoll sergeants
  2 scorpions
  6 wights
  Dowan (D:7)
  2 electric eels (Lair:1)
  A howler monkey (D:10)
  11 hounds
  3 gnoll boudas
  4 jellies
  21 orc priests
  15 orc wizards
  3 sleepcaps
  6 iguanas
  15 gnolls
  12 adders
  3 white imps
  2 adder zombies (Ossuary)
  A worm (D:3)
  6 dart slugs
  60 orcs
  6 ball pythons
  5 bats
  7 endoplasms
  4 giant cockroaches
  4 goblins
  6 hobgoblins
  4 jackals (D:3)
  4 quokkas
  3 ball python skeletons (Ossuary)
  A frilled lizard (D:1)
  A hobgoblin skeleton (Ossuary)
  39 kobolds
  A kobold zombie (Ossuary)
  2 orc zombies (Ossuary)
  5 rats
1252 creatures vanquished.

Vanquished Creatures (others)
  A wizard (Vaults:3)
  A boggart (D:15)
  An orc wizard (Orc:2)
  2 foxfires (Swamp:3)
5 creatures vanquished.

Grand Total: 1257 creatures vanquished

Notes
Turn   | Place    | Note
-------+----------+-------------------------------------------
     0 | D:1      | qw the Minotaur Hunter began the quest for the Orb.
     0 | D:1      | Reached XP level 1. HP: 18/18 MP: 0/0
     0 | D:1      | 0 ||| qw: Version: 0.2-a-119-g7aa9181
     0 | D:1      | 0 ||| qw: Game counter: 2817
     0 | D:1      | 0 ||| qw: Always use a shield: true
     0 | D:1      | 0 ||| qw: God list: Okawaru
     0 | D:1      | 0 ||| qw: Allow faded altars: false
     0 | D:1      | 0 ||| qw: Do Orc after D:15 true
     0 | D:1      | 0 ||| qw: Do second Lair branch before Depths: true
     0 | D:1      | 0 ||| qw: Lair rune preference: random
     0 | D:1      | 0 ||| qw: Plans: Normal
     0 | D:1      | 0 ||| PLANNING D:1-11
   143 | D:1      | Reached XP level 2. HP: 25/25 MP: 1/1
   160 | D:1      | 160 ||| Stepping ~*~*~tactically~*~*~ (outnumbered).
   362 | D:1      | Reached skill level 3 in Fighting
   846 | D:1      | 846 ||| UPGRADING to ring of poison resistance.
   847 | D:1      | 847 ||| READING scroll labelled HAFULU IZYIHAS.
   848 | D:1      | 848 ||| READING scroll labelled IGAGAUR QOKU.
   848 | D:1      | Identified a scroll of acquirement
   848 | D:1      | 848 ||| ACQUIRING +1 shortbow of flaming
   848 | D:1      | Acquired a +1 shortbow of flaming
   850 | D:1      | 850 ||| SWAPPING to +1 shortbow of flaming.
   851 | D:1      | 851 ||| DROPPING +0 shortbow.
   852 | D:1      | 852 ||| READING scroll labelled ILAULOOLUS.
   853 | D:1      | 853 ||| DRINKING 2 green potions.
   854 | D:1      | 854 ||| DROPPING scroll of butterflies.
   906 | D:2      | Reached XP level 3. HP: 31/31 MP: 2/2
   932 | D:2      | 932 ||| SWAPPING to +0 arbalest.
   956 | D:2      | 956 ||| READING scroll of acquirement.
   956 | D:2      | 956 ||| ACQUIRING +1 longbow of flaming
   956 | D:2      | Acquired a +1 longbow of flaming
   958 | D:2      | 958 ||| SWAPPING to +1 longbow of flaming.
   959 | D:2      | 959 ||| DROPPING +0 arbalest.
   960 | D:2      | 960 ||| DROPPING +1 shortbow of flaming.
  1529 | D:2      | Reached XP level 4. HP: 38/38 MP: 3/3
  1562 | D:2      | Reached skill level 6 in Ranged Weapons
  1592 | D:2      | 1592 ||| UPGRADING to +0 cloak.
  1597 | D:2      | 1597 ||| READING scroll labelled IBASKEXIOS.
  1598 | D:2      | 1598 ||| READING scroll labelled XUWER VUIJIP.
  1599 | D:2      | 1599 ||| READING 2 scrolls labelled QAOHOMI VOWN.
  1600 | D:2      | 1600 ||| READING scroll labelled MYGUCW QUHUXA.
  1701 | D:2      | 1701 ||| READING scroll labelled KINANG WOXZID.
  1702 | D:2      | 1702 ||| READING scroll labelled OVYNUS KEPAINK.
  1703 | D:2      | 1703 ||| DRINKING 4 clear potions.
  1821 | D:3      | Found Ijitab's Jewellery Shoppe.
  1874 | D:3      | Found a shimmering blue altar of Sif Muna.
  1901 | D:3      | Reached XP level 5. HP: 46/46 MP: 4/4
  2035 | D:3      | 2035 ||| SHOPLISTING +4 ring of protection (504 gold, have
                  | 169).
  2035 | D:3      | 2035 ||| SHOPLISTING +5 ring of evasion (504 gold, have
                  | 169).
  2035 | D:3      | 2035 ||| SHOPLISTING amulet of reflection (420 gold, have
                  | 169).
  2035 | D:3      | 2035 ||| SHOPLISTING amulet of the acrobat (420 gold, have
                  | 169).
  2035 | D:3      | 2035 ||| SHOPLISTING ring of positive energy (280 gold,
                  | have 169).
  2035 | D:3      | 2035 ||| SHOPLISTING ring of see invisible (210 gold, have
                  | 169).
  2035 | D:3      | 2035 ||| SHOPLISTING ring of willpower (350 gold, have
                  | 169).
  2035 | D:3      | 2035 ||| UPGRADING to +0 ring mail.
  2045 | D:3      | 2045 ||| DROPPING +0 leather armour.
  2046 | D:3      | 2046 ||| READING scroll labelled VUFUTR XICOGI.
  2047 | D:3      | 2047 ||| DRINKING 2 silvery potions.
  2165 | D:4      | Reached skill level 4 in Fighting
  2374 | D:4      | Reached XP level 6. HP: 53/53 MP: 5/5
  2796 | D:4      | 2796 ||| READING scroll of enchant weapon.
  2796 | D:4      | 2796 ||| ENCHANTING +2 longbow of flaming.
  3021 | D:4      | 3021 ||| READING scroll labelled WOTWOO BAMUS.
  3022 | D:4      | 3022 ||| READING scroll labelled BIOPNUS BAREST.
  3023 | D:4      | 3023 ||| READING scroll labelled BIHURU ZOC KOE.
  3054 | D:5      | Entered Level 5 of the Dungeon
  3055 | D:5      | 3055 ||| PLANNING OSSUARY
  3057 | D:5      | 3057 ||| STAIRDANCE
  3159 | D:5      | 3159 ||| STAIRDANCE
  3226 | D:5      | 3226 ||| STAIRDANCE
  3322 | D:5      | 3322 ||| DRINKING 6 potions of curing.
  3322 | D:5      | 3322 ||| (to cure confusion)
  3325 | D:5      | 3325 ||| Stepping ~*~*~tactically~*~*~ (outnumbered).
  3332 | D:5      | Reached XP level 7. HP: 60/60 MP: 6/6
  3351 | D:5      | Reached skill level 5 in Fighting
  3463 | D:5      | Reached skill level 3 in Dodging
  3575 | D:5      | 3575 ||| Stepping ~*~*~tactically~*~*~ (outnumbered).
  3582 | D:5      | Reached skill level 9 in Ranged Weapons
  3649 | D:5      | Found a sand-covered staircase.
  3650 | D:5      | 3650 ||| DRINKING 2 lumpy grey potions.
  3754 | D:5      | 3754 ||| DROPPING potion of berserk rage.
  3760 | Ossuary  | Entered an ossuary
  3847 | Ossuary  | 3847 ||| READING scroll of enchant armour.
  3847 | Ossuary  | 3847 ||| ENCHANTING +0 cloak.
  3851 | Ossuary  | 3851 ||| READING scroll of acquirement.
  3851 | Ossuary  | 3851 ||| ACQUIRING 1014 gold pieces
  3851 | Ossuary  | Acquired 1014 gold pieces
  3860 | Ossuary  | Noticed a wraith
  3860 | Ossuary  | Noticed a flying skull
  3896 | Ossuary  | Noticed a flying skull
  3899 | Ossuary  | Noticed a flying skull
  3906 | Ossuary  | Noticed a wraith
  3911 | Ossuary  | Killed a wraith
  3912 | Ossuary  | Reached skill level 6 in Fighting
  3912 | Ossuary  | Reached XP level 8. HP: 43/71 MP: 7/7
  4005 | Ossuary  | Noticed a flying skull
  4245 | Ossuary  | 4245 ||| READING scroll labelled NEICOR JIREC.
  4250 | Ossuary  | 4250 ||| READING 4 scrolls labelled KAGEBL MIWULIS.
  4251 | Ossuary  | 4251 ||| DRINKING 2 purple potions.
  4252 | Ossuary  | 4252 ||| READING 2 scrolls of identify.
  4252 | Ossuary  | 4252 ||| IDENTIFYING lumpy green potion
  4253 | Ossuary  | 4253 ||| DROPPING 3 scrolls of fear.
  4312 | D:5      | 4312 ||| PLANNING D:1-11
  4353 | D:5      | 4353 ||| READING scroll of acquirement.
  4353 | D:5      | 4353 ||| ACQUIRING ring "Awkear" {Fly rCorr Slay+4}
  4353 | D:5      | Acquired the ring "Awkear" {Fly rCorr Slay+4}
  4355 | D:5      | 4355 ||| UPGRADING to ring "Awkear" {Fly rCorr Slay+4}.
  4394 | D:5      | Reached skill level 7 in Fighting
  4508 | D:5      | 4508 ||| UPGRADING to amulet of reflection.
  4513 | D:5      | 4513 ||| READING 4 scrolls of identify.
  4513 | D:5      | 4513 ||| IDENTIFYING murky emerald potion
  4514 | D:5      | 4514 ||| READING 3 scrolls of identify.
  4514 | D:5      | 4514 ||| IDENTIFYING viscous red potion
  4515 | D:5      | 4515 ||| READING 2 scrolls of identify.
  4515 | D:5      | 4515 ||| IDENTIFYING glowing dark potion
  4516 | D:5      | 4516 ||| DROPPING potion of lignification.
  4517 | D:5      | 4517 ||| DROPPING potion of invisibility.
  4823 | D:6      | Found a snail-covered altar of Cheibriados.
  4879 | D:6      | Reached skill level 3 in Armour
  4986 | D:6      | 4986 ||| READING scroll labelled BUCHON BUONYG.
  4987 | D:6      | 4987 ||| READING 2 scrolls of identify.
  4987 | D:6      | 4987 ||| IDENTIFYING fuming black potion
  4988 | D:6      | 4988 ||| DROPPING potion of degeneration.
  5002 | D:7      | Found a shadowy altar of Dithmenos.
  5009 | D:7      | Reached XP level 9. HP: 76/79 MP: 8/8
  5024 | D:7      | 5024 ||| READING scroll of enchant armour.
  5024 | D:7      | 5024 ||| ENCHANTING +1 cloak.
  5089 | D:7      | Noticed Menkaure
  5090 | D:7      | Killed Menkaure
  5197 | D:7      | Found a runed translucent door.
  5198 | D:7      | Noticed Crazy Yiuf
  5344 | D:7      | 5344 ||| READING scroll of enchant weapon.
  5344 | D:7      | 5344 ||| ENCHANTING +3 longbow of freezing.
  5349 | D:7      | Noticed Duvessa
  5349 | D:7      | Noticed Dowan
  5356 | D:7      | Killed Duvessa
  5357 | D:7      | Killed Dowan
  5457 | D:7      | 5457 ||| Stepping ~*~*~tactically~*~*~ (outnumbered).
  5512 | D:7      | Reached skill level 12 in Ranged Weapons
  5532 | D:7      | Found a staircase to the Ecumenical Temple.
  5533 | D:7      | 5533 ||| PLANNING TEMPLE
  5533 | D:7      | 5533 ||| DRINKING 2 emerald potions.
  5534 | D:7      | 5534 ||| READING 2 scrolls of identify.
  5534 | D:7      | 5534 ||| IDENTIFYING red potion
  5535 | D:7      | 5535 ||| DROPPING potion of attraction.
  5536 | D:7      | 5536 ||| DROPPING potion of enlightenment.
  5545 | Temple   | Entered the Ecumenical Temple
  5556 | Temple   | 5556 ||| PLANNING OKAWARU WORSHIP
  5597 | Temple   | Became a worshipper of Warmaster Okawaru
  5597 | Temple   | 5597 ||| PLANNING D:1-11
  5905 | D:7      | 5905 ||| FLEEEEING.
  5906 | D:7      | 5906 ||| FLEEEEING.
  5907 | D:7      | 5907 ||| FLEEEEING.
  5908 | D:7      | 5908 ||| FLEEEEING.
  5909 | D:7      | 5909 ||| FLEEEEING.
  5911 | D:7      | 5911 ||| FLEEEEING.
  5912 | D:7      | 5912 ||| FLEEEEING.
  5913 | D:7      | 5913 ||| FLEEEEING.
  5914 | D:7      | 5914 ||| FLEEEEING.
  5915 | D:7      | 5915 ||| FLEEEEING.
  5916 | D:7      | 5916 ||| FLEEEEING.
  5917 | D:7      | 5917 ||| FLEEEEING.
  5918 | D:7      | 5918 ||| FLEEEEING.
  6123 | D:8      | Reached skill level 8 in Fighting
  6336 | D:8      | Identified the +0 scale mail "Sirisch" {Slay+2}
  6459 | D:8      | Noticed a white ugly thing
  6464 | D:8      | Killed a white ugly thing
  6464 | D:8      | Reached * piety under Okawaru
  6639 | D:8      | Found Qocox's Armour Shoppe.
  6643 | D:8      | Reached skill level 1 in Invocations
  6694 | D:8      | 6694 ||| DROPPING +6 ring of intelligence.
  6695 | D:8      | 6695 ||| READING 2 scrolls of identify.
  6695 | D:8      | 6695 ||| IDENTIFYING fuming blue potion
  6724 | D:9      | Found Hehurphiu's Magic Scroll Shoppe.
  6725 | D:9      | 6725 ||| INVOKING Heroism.
  6731 | D:9      | Reached XP level 10. HP: 90/90 MP: 6/9
  6763 | D:9      | 6763 ||| BUYING scroll of enchant weapon (127 gold).
  6763 | D:9      | Bought a scroll of enchant weapon for 127 gold pieces
  6763 | D:9      | 6763 ||| BUYING scroll of identify (34 gold).
  6763 | D:9      | Bought a scroll of identify for 34 gold pieces
  6763 | D:9      | 6763 ||| BUYING scroll of identify (34 gold).
  6763 | D:9      | Bought a scroll of identify for 34 gold pieces
  6763 | D:9      | 6763 ||| BUYING scroll of teleportation (51 gold).
  6763 | D:9      | Bought a scroll of teleportation for 51 gold pieces
  6763 | D:9      | 6763 ||| READING scroll of enchant weapon.
  6763 | D:9      | 6763 ||| ENCHANTING +4 longbow of freezing.
  6813 | D:9      | 6813 ||| INVOKING Heroism.
  6817 | D:9      | 6817 ||| Stepping ~*~*~tactically~*~*~ (cloud).
  6819 | D:9      | Reached skill level 9 in Fighting
  6819 | D:9      | 6819 ||| Stepping ~*~*~tactically~*~*~ (cloud).
  6893 | D:9      | 6893 ||| Stepping ~*~*~tactically~*~*~ (outnumbered).
  6895 | D:9      | 6895 ||| Stepping ~*~*~tactically~*~*~ (outnumbered).
  6949 | D:9      | 6949 ||| INVOKING Heroism.
  6951 | D:9      | Reached skill level 3 in Invocations
  6955 | D:9      | Reached skill level 6 in Dodging
  6969 | D:9      | Reached ** piety under Okawaru
  6977 | D:9      | Noticed Erica
  6978 | D:9      | 6978 ||| INVOKING Heroism.
  6997 | D:9      | Killed Erica
  7026 | D:9      | 7026 ||| INVOKING Heroism.
  7210 | D:9      | Found a staircase to the Lair.
  7460 | D:9      | 7460 ||| PLANNING LAIR
  7460 | D:9      | 7460 ||| UPGRADING to +0 steam dragon scales.
  7470 | D:9      | 7470 ||| DROPPING +0 ring mail.
  7471 | D:9      | 7471 ||| UPGRADING to +0 pair of gloves.
  7484 | Lair:1   | Entered Level 1 of the Lair of Beasts
  7516 | Lair:1   | Noticed an oklob plant
  7517 | Lair:1   | 7517 ||| INVOKING Heroism.
  7521 | Lair:1   | Killed an oklob plant
  7542 | Lair:1   | 7542 ||| READING scroll of brand weapon.
  7542 | Lair:1   | 7542 ||| BRANDING +5 longbow of freezing.
  7550 | Lair:1   | 7550 ||| READING scroll of enchant armour.
  7550 | Lair:1   | 7550 ||| ENCHANTING +0 steam dragon scales.
  7596 | Lair:1   | Noticed a cane toad
  7597 | Lair:1   | 7597 ||| INVOKING Heroism.
  7600 | Lair:1   | Killed a cane toad
  7608 | Lair:1   | Reached skill level 10 in Fighting
  7664 | Lair:1   | 7664 ||| INVOKING Heroism.
  7666 | Lair:1   | Reached XP level 11. HP: 99/99 MP: 10/13
  7670 | Lair:1   | Reached *** piety under Okawaru
  7699 | Lair:1   | 7699 ||| INVOKING Heroism.
  7706 | Lair:1   | 7706 ||| Stepping ~*~*~tactically~*~*~ (outnumbered).
  7743 | Lair:1   | 7743 ||| INVOKING Heroism.
  7822 | Lair:1   | 7822 ||| INVOKING Heroism.
  7872 | Lair:1   | 7872 ||| INVOKING Heroism.
  7877 | Lair:1   | Reached skill level 15 in Ranged Weapons
  7904 | Lair:1   | 7904 ||| INVOKING Heroism.
  7997 | Lair:1   | 7997 ||| INVOKING Heroism.
  8017 | Lair:1   | 8017 ||| INVOKING Heroism.
  8046 | Lair:1   | 8046 ||| INVOKING Heroism.
  8128 | Lair:1   | Found a transporter.
  8149 | Lair:1   | Found a transporter.
  8154 | Lair:1   | Noticed qw's ghost (journeyman MiHu)
  8352 | Lair:2   | Reached **** piety under Okawaru
  8472 | Lair:2   | 8472 ||| INVOKING Heroism.
  8509 | Lair:2   | Noticed a six-headed hydra
  8510 | Lair:2   | 8510 ||| INVOKING Heroism.
  8514 | Lair:2   | Killed a six-headed hydra
  8554 | Lair:2   | 8554 ||| INVOKING Heroism.
  8591 | Lair:2   | 8591 ||| INVOKING Heroism.
  8643 | Lair:2   | Noticed a six-headed hydra
  8644 | Lair:2   | 8644 ||| INVOKING Heroism.
  8647 | Lair:2   | Noticed Sonja
  8651 | Lair:2   | Killed a six-headed hydra
  8652 | Lair:2   | Reached skill level 6 in Invocations
  8652 | Lair:2   | Reached XP level 12. HP: 108/108 MP: 12/15
  8653 | Lair:2   | Killed Sonja
  8657 | Lair:2   | Reached skill level 11 in Fighting
  8672 | Lair:2   | 8672 ||| READING scroll of enchant weapon.
  8672 | Lair:2   | 8672 ||| ENCHANTING +5 longbow of draining.
  8768 | Lair:2   | Noticed Harold
  8769 | Lair:2   | 8769 ||| INVOKING Heroism.
  8773 | Lair:2   | Killed Harold
  8984 | Lair:2   | Found a staircase to the Swamp.
  9384 | Lair:3   | Found an ornate altar of the Wu Jian Council.
  9384 | Lair:3   | Found a hide-covered altar of Uskayaw.
  9384 | Lair:3   | Noticed a boulder beetle
  9385 | Lair:3   | 9385 ||| INVOKING Heroism.
  9391 | Lair:3   | Noticed Gastronok
  9392 | Lair:3   | Killed a boulder beetle
  9409 | Lair:3   | Killed Gastronok
  9409 | Lair:3   | Reached ***** piety under Okawaru
  9410 | Lair:3   | Reached skill level 9 in Dodging
  9517 | Lair:3   | 9517 ||| FLEEEEING.
  9533 | Lair:3   | 9533 ||| FLEEEEING.
  9534 | Lair:3   | 9534 ||| FLEEEEING.
  9535 | Lair:3   | 9535 ||| FLEEEEING.
  9536 | Lair:3   | 9536 ||| FLEEEEING.
  9538 | Lair:3   | 9538 ||| STAIRDANCE
  9565 | Lair:2   | 9565 ||| READING 3 scrolls of identify.
  9565 | Lair:2   | 9565 ||| IDENTIFYING dark potion
  9566 | Lair:2   | 9566 ||| DROPPING potion of brilliance.
  9616 | Lair:3   | 9616 ||| INVOKING Heroism.
  9708 | Lair:3   | 9708 ||| INVOKING Heroism.
  9837 | Lair:3   | Reached skill level 9 in Invocations
  9839 | Lair:3   | 9839 ||| INVOKING Heroism.
 10103 | Lair:3   | Received a gift from Okawaru
 10105 | Lair:3   | 10105 ||| DROPPING +2 heavy longbow.
 10383 | Lair:3   | Found a staircase to the Snake Pit.
 10487 | Lair:3   | Noticed Snorg
 10488 | Lair:3   | 10488 ||| INVOKING Heroism.
 10489 | Lair:3   | 10489 ||| INVOKING Finesse.
 10496 | Lair:3   | Killed Snorg
 10560 | Lair:3   | 10560 ||| UPGRADING to +2 pair of boots.
 10643 | Lair:4   | Noticed Josephine
 10652 | Lair:4   | Killed Josephine
 10685 | Lair:4   | 10685 ||| INVOKING Heroism.
 10689 | Lair:4   | Reached skill level 6 in Armour
 10689 | Lair:4   | Reached XP level 13. HP: 116/116 MP: 16/19
 10852 | Lair:4   | Found a viscous altar of Jiyva.
 10853 | Lair:4   | Found a staircase to the Slime Pits.
 10900 | Lair:4   | 10900 ||| INVOKING Heroism.
 10983 | Lair:4   | Noticed Nessos
 10984 | Lair:4   | 10984 ||| INVOKING Finesse.
 10989 | Lair:4   | Killed Nessos
 11089 | Lair:4   | Noticed Kirke
 11090 | Lair:4   | 11090 ||| INVOKING Heroism.
 11091 | Lair:4   | 11091 ||| INVOKING Finesse.
 11102 | Lair:4   | Noticed a sphinx
 11114 | Lair:4   | Killed Kirke
 11171 | Lair:4   | 11171 ||| INVOKING Heroism.
 11865 | Lair:5   | Entered Level 5 of the Lair of Beasts
 11876 | Lair:5   | 11876 ||| STAIRDANCE
 11921 | Lair:5   | 11921 ||| INVOKING Heroism.
 11923 | Lair:5   | Reached skill level 18 in Ranged Weapons
 11924 | Lair:5   | Received a gift from Okawaru
 12030 | Lair:5   | 12030 ||| INVOKING Heroism.
 12033 | Lair:5   | 12033 ||| INVOKING Finesse.
 12047 | Lair:5   | Reached skill level 12 in Fighting
 12047 | Lair:5   | 12047 ||| FLEEEEING.
 12048 | Lair:5   | 12048 ||| FLEEEEING.
 12049 | Lair:5   | 12049 ||| FLEEEEING.
 12050 | Lair:5   | 12050 ||| FLEEEEING.
 12051 | Lair:5   | 12051 ||| FLEEEEING.
 12052 | Lair:5   | 12052 ||| FLEEEEING.
 12053 | Lair:5   | 12053 ||| FLEEEEING.
 12054 | Lair:5   | 12054 ||| FLEEEEING.
 12055 | Lair:5   | 12055 ||| FLEEEEING.
 12056 | Lair:5   | 12056 ||| FLEEEEING.
 12057 | Lair:5   | 12057 ||| FLEEEEING.
 12058 | Lair:5   | 12058 ||| FLEEEEING.
 12059 | Lair:5   | 12059 ||| FLEEEEING.
 12060 | Lair:5   | 12060 ||| FLEEEEING.
 12061 | Lair:5   | 12061 ||| FLEEEEING.
 12062 | Lair:5   | 12062 ||| FLEEEEING.
 12063 | Lair:5   | 12063 ||| FLEEEEING.
 12065 | Lair:5   | 12065 ||| FLEEEEING.
 12066 | Lair:5   | 12066 ||| FLEEEEING.
 12067 | Lair:5   | 12067 ||| FLEEEEING.
 12068 | Lair:5   | 12068 ||| FLEEEEING.
 12070 | Lair:5   | 12070 ||| FLEEEEING.
 12072 | Lair:5   | 12072 ||| FLEEEEING.
 12073 | Lair:5   | 12073 ||| FLEEEEING.
 12074 | Lair:5   | 12074 ||| FLEEEEING.
 12075 | Lair:5   | 12075 ||| FLEEEEING.
 12076 | Lair:5   | 12076 ||| FLEEEEING.
 12078 | Lair:5   | 12078 ||| FLEEEEING.
 12079 | Lair:5   | 12079 ||| FLEEEEING.
 12080 | Lair:5   | 12080 ||| FLEEEEING.
 12081 | Lair:5   | 12081 ||| FLEEEEING.
 12082 | Lair:5   | 12082 ||| FLEEEEING.
 12084 | Lair:5   | 12084 ||| FLEEEEING.
 12085 | Lair:5   | 12085 ||| FLEEEEING.
 12088 | Lair:5   | 12088 ||| STAIRDANCE
 12309 | Lair:5   | 12309 ||| INVOKING Heroism.
 12335 | Lair:5   | Received a gift from Okawaru
 12392 | Lair:5   | 12392 ||| INVOKING Heroism.
 12483 | Lair:5   | 12483 ||| INVOKING Heroism.
 12523 | Lair:5   | 12523 ||| INVOKING Heroism.
 12556 | Lair:5   | Received a gift from Okawaru
 12597 | Lair:5   | 12597 ||| INVOKING Heroism.
 12737 | Lair:5   | 12737 ||| INVOKING Heroism.
 12759 | Lair:5   | Reached XP level 14. HP: 126/126 MP: 20/20
 12853 | Lair:5   | Found the +10 dark maul {heavy}
 12858 | Lair:5   | Identified the +1 scale mail "Piunyol" {*Corrode +Inv rN+
                  | Dex+2}
 12861 | Lair:5   | Identified the +4 trident of the Viper {venom, Dex+4}
 13154 | Lair:5   | 13154 ||| PLANNING D:1-11
 13262 | D:10     | Entered Level 10 of the Dungeon
 13294 | D:10     | Found a flagged portal.
 13394 | D:10     | 13394 ||| Stepping ~*~*~tactically~*~*~ (outnumbered).
 13450 | D:10     | Reached skill level 13 in Fighting
 13613 | D:10     | 13613 ||| Stepping ~*~*~tactically~*~*~ (outnumbered).
 13866 | D:10     | Found a runed translucent door.
 13866 | D:10     | Noticed qw's ghost (journeyman GrFi)
 14175 | D:11     | 14175 ||| INVOKING Heroism.
 14176 | D:11     | 14176 ||| INVOKING Finesse.
 14262 | D:11     | Found a staircase to the Orcish Mines.
 14520 | D:11     | 14520 ||| UPGRADING to +2 hat.
 14546 | D:11     | 14546 ||| STAIRDANCE
 14548 | D:10     | 14548 ||| INVOKING Heroism.
 14789 | D:11     | 14789 ||| PLANNING D
 14808 | D:12     | 14808 ||| STAIRDANCE
 14833 | D:12     | 14833 ||| STAIRDANCE
 15112 | D:12     | 15112 ||| INVOKING Heroism.
 15202 | D:12     | Found a frozen archway.
 15379 | D:12     | 15379 ||| UPGRADING to +0 troll leather armour.
 15389 | D:12     | 15389 ||| DROPPING +1 steam dragon scales.
 15390 | D:12     | 15390 ||| READING 8 scrolls of identify.
 15390 | D:12     | 15390 ||| IDENTIFYING smoky silvery potion
 15435 | D:13     | 15435 ||| FLEEEEING.
 15436 | D:13     | 15436 ||| FLEEEEING.
 15444 | D:13     | 15444 ||| STAIRDANCE
 15623 | D:13     | 15623 ||| INVOKING Heroism.
 15624 | D:13     | 15624 ||| INVOKING Finesse.
 15687 | D:13     | 15687 ||| Stepping ~*~*~tactically~*~*~ (outnumbered).
 15706 | D:13     | Reached skill level 14 in Fighting
 15751 | D:13     | Found a gate to the Vaults.
 15752 | D:13     | 15752 ||| INVOKING Heroism.
 15753 | D:13     | 15753 ||| INVOKING Finesse.
 16092 | D:13     | 16092 ||| INVOKING Heroism.
 16093 | D:13     | 16093 ||| READING 5 scrolls of teleportation.
 16233 | D:13     | 16233 ||| INVOKING Heroism.
 16361 | D:14     | 16361 ||| Stepping ~*~*~tactically~*~*~ (outnumbered).
 16368 | D:14     | Reached skill level 15 in Fighting
 16438 | D:14     | 16438 ||| Stepping ~*~*~tactically~*~*~ (outnumbered).
 16440 | D:14     | 16440 ||| Stepping ~*~*~tactically~*~*~ (outnumbered).
 16448 | D:14     | 16448 ||| Stepping ~*~*~tactically~*~*~ (outnumbered).
 16475 | D:14     | 16475 ||| INVOKING Heroism.
 16696 | D:14     | 16696 ||| INVOKING Heroism.
 16740 | D:14     | 16740 ||| INVOKING Heroism.
 16741 | D:14     | 16741 ||| INVOKING Finesse.
 16749 | D:14     | Reached XP level 15. HP: 141/141 MP: 13/21
 16901 | D:14     | 16901 ||| INVOKING Heroism.
 16919 | D:14     | Reached skill level 12 in Dodging
 16942 | D:14     | 16942 ||| READING scroll of enchant armour.
 16942 | D:14     | 16942 ||| ENCHANTING +0 pair of gloves.
 17189 | D:15     | Entered Level 15 of the Dungeon
 17200 | D:15     | 17200 ||| FLEEEEING.
 17201 | D:15     | 17201 ||| FLEEEEING.
 17202 | D:15     | 17202 ||| INVOKING Heroism.
 17203 | D:15     | 17203 ||| INVOKING Finesse.
 17220 | D:15     | Identified the +5 shortbow of Internal Strife {flame, Drain
                  | Fly Will+ Int+3} (Okawaru gifted it to you on level 15 of
                  | the Dungeon)
 17220 | D:15     | Received a gift from Okawaru
 17258 | D:15     | HP: 27/141 [tengu warrior/+0 heavy battleaxe[a boggart]
                  | (22)]
 17259 | D:15     | 17259 ||| READING 4 scrolls of teleportation.
 17260 | D:15     | 17260 ||| DRINKING 4 potions of heal wounds.
 17261 | D:15     | 17261 ||| DRINKING 3 potions of heal wounds.
 17261 | D:15     | HP: 10/141 [ettin/+0 dire flail (6)]
 17262 | D:15     | 17262 ||| DRINKING 2 potions of heal wounds.
 17263 | D:15     | 17263 ||| DRINKING potion of heal wounds.
 17465 | D:15     | 17465 ||| Stepping ~*~*~tactically~*~*~ (outnumbered).
 17472 | D:15     | Reached skill level 16 in Fighting
 17476 | D:15     | 17476 ||| Stepping ~*~*~tactically~*~*~ (outnumbered).
 17577 | D:15     | 17577 ||| INVOKING Heroism.
 17610 | D:15     | 17610 ||| INVOKING Heroism.
 17613 | D:15     | 17613 ||| FLEEEEING.
 17766 | D:15     | 17766 ||| INVOKING Heroism.
 17767 | D:15     | 17767 ||| INVOKING Finesse.
 17815 | D:15     | Found Zaafrask's Mayhem Merchandise.
 17876 | D:15     | 17876 ||| INVOKING Heroism.
 17899 | D:15     | Found a staircase to the Depths.
 17961 | D:15     | Found Mamell's Book Boutique.
 18054 | D:15     | 18054 ||| INVOKING Heroism.
 18116 | D:15     | 18116 ||| PLANNING ORC
 18203 | Orc:1    | Entered Level 1 of the Orcish Mines
 18394 | Orc:2    | Entered Level 2 of the Orcish Mines
 18394 | Orc:2    | Found a staircase to the Elven Halls.
 18395 | Orc:2    | 18395 ||| STAIRDANCE
 18502 | Orc:2    | 18502 ||| STAIRDANCE
 18526 | Orc:2    | 18526 ||| INVOKING Heroism.
 18530 | Orc:2    | Paralysed by an orc sorcerer for 4 turns
 18537 | Orc:2    | 18537 ||| Stepping ~*~*~tactically~*~*~ (outnumbered).
 18538 | Orc:2    | 18538 ||| Stepping ~*~*~tactically~*~*~ (outnumbered).
 18557 | Orc:2    | Reached skill level 9 in Armour
 18561 | Orc:2    | 18561 ||| Stepping ~*~*~tactically~*~*~ (outnumbered).
 18793 | Orc:1    | Found Echinaxt's Book Shoppe.
 18921 | Orc:1    | 18921 ||| INVOKING Heroism.
 19283 | Orc:2    | 19283 ||| INVOKING Heroism.
 19305 | Orc:2    | 19305 ||| INVOKING Heroism.
 19399 | Orc:2    | 19399 ||| INVOKING Heroism.
 19503 | Orc:2    | 19503 ||| INVOKING Heroism.
 19523 | Orc:2    | Reached skill level 17 in Fighting
 19534 | Orc:2    | 19534 ||| INVOKING Heroism.
 19576 | Orc:2    | Found Dozowum's Jewellery Shop.
 19576 | Orc:2    | Found Wofas's Antique Weapon Shop.
 19577 | Orc:2    | Found Leriroop's Jewellery Shoppe.
 19577 | Orc:2    | Found Xaizo's Assorted Antiques.
 19585 | Orc:2    | 19585 ||| BUYING +5 ring of evasion (432 gold).
 19585 | Orc:2    | Bought a +5 ring of evasion for 432 gold pieces
 19585 | Orc:2    | 19585 ||| BUYING +6 ring of dexterity (432 gold).
 19585 | Orc:2    | Bought a +6 ring of dexterity for 432 gold pieces
 19585 | Orc:2    | 19585 ||| BUYING amulet of faith (480 gold).
 19585 | Orc:2    | Bought an amulet of faith for 480 gold pieces
 19588 | Orc:2    | 19588 ||| BUYING ring of protection from fire (300 gold).
 19588 | Orc:2    | Bought a ring of protection from fire for 300 gold pieces
 19641 | Orc:2    | Found Baqae's Book Emporium.
 19664 | Orc:2    | 19664 ||| PLANNING SNAKE:1-3
 19664 | Orc:2    | 19664 ||| UPGRADING to amulet of faith.
 19674 | Orc:2    | 19674 ||| UPGRADING to +5 ring of evasion.
 19676 | Orc:2    | 19676 ||| UPGRADING to +6 ring of dexterity.
 19678 | Orc:2    | 19678 ||| DROPPING ring of poison resistance.
 19679 | Orc:2    | 19679 ||| DROPPING ring of poison resistance.
 19895 | Snake:1  | Entered Level 1 of the Snake Pit
 19898 | Snake:1  | 19898 ||| STAIRDANCE
 19900 | Lair:3   | 19900 ||| INVOKING Heroism.
 20069 | Snake:1  | 20069 ||| STAIRDANCE
 20071 | Lair:3   | 20071 ||| INVOKING Heroism.
 20212 | Snake:1  | 20212 ||| INVOKING Heroism.
 20294 | Snake:1  | 20294 ||| INVOKING Heroism.
 20408 | Snake:1  | 20408 ||| INVOKING Heroism.
 20412 | Snake:1  | Reached XP level 16. HP: 146/155 MP: 19/22
 20523 | Snake:1  | 20523 ||| INVOKING Heroism.
 20524 | Snake:1  | 20524 ||| Stepping ~*~*~tactically~*~*~ (outnumbered).
 20651 | Snake:1  | Reached skill level 15 in Dodging
 20696 | Snake:1  | 20696 ||| INVOKING Heroism.
 21198 | Snake:2  | Found Eqeheodd's Antique Armour Shoppe.
 21206 | Snake:2  | 21206 ||| STAIRDANCE
 21252 | Snake:2  | 21252 ||| BUYING runed leather armour (155 gold).
 21252 | Snake:2  | Bought a runed leather armour for 155 gold pieces
 21333 | Snake:2  | 21333 ||| INVOKING Heroism.
 21413 | Snake:2  | 21413 ||| Stepping ~*~*~tactically~*~*~ (outnumbered).
 21415 | Snake:2  | 21415 ||| Stepping ~*~*~tactically~*~*~ (outnumbered).
 21452 | Snake:2  | 21452 ||| INVOKING Heroism.
 21514 | Snake:2  | 21514 ||| INVOKING Heroism.
 21520 | Snake:2  | Reached skill level 18 in Fighting
 21545 | Snake:2  | Identified the +3 robe of Liberalism {rF++ Str+2}
 21559 | Snake:2  | 21559 ||| Stepping ~*~*~tactically~*~*~ (outnumbered).
 21561 | Snake:2  | 21561 ||| Stepping ~*~*~tactically~*~*~ (outnumbered).
 21563 | Snake:2  | 21563 ||| Stepping ~*~*~tactically~*~*~ (outnumbered).
 21568 | Snake:2  | 21568 ||| Stepping ~*~*~tactically~*~*~ (outnumbered).
 21570 | Snake:2  | 21570 ||| Stepping ~*~*~tactically~*~*~ (outnumbered).
 21572 | Snake:2  | 21572 ||| Stepping ~*~*~tactically~*~*~ (outnumbered).
 21574 | Snake:2  | 21574 ||| Stepping ~*~*~tactically~*~*~ (outnumbered).
 21576 | Snake:2  | 21576 ||| Stepping ~*~*~tactically~*~*~ (outnumbered).
 21578 | Snake:2  | 21578 ||| Stepping ~*~*~tactically~*~*~ (outnumbered).
 21581 | Snake:2  | 21581 ||| Stepping ~*~*~tactically~*~*~ (outnumbered).
 21583 | Snake:2  | 21583 ||| Stepping ~*~*~tactically~*~*~ (outnumbered).
 21659 | Snake:2  | 21659 ||| UPGRADING to +3 leather armour of cold
                  | resistance.
 21665 | Snake:2  | 21665 ||| UPGRADING to +3 leather armour of cold
                  | resistance.
 21670 | Snake:2  | 21670 ||| DROPPING +2 robe of fire resistance.
 21671 | Snake:2  | 21671 ||| UPGRADING to +3 robe of Liberalism {rF++ Str+2}.
 21754 | Snake:2  | Reached ****** piety under Okawaru
 22579 | Snake:2  | 22579 ||| DROPPING +1 pair of boots of stealth.
 22634 | Snake:3  | Received a gift from Okawaru
 22642 | Snake:3  | 22642 ||| STAIRDANCE
 22644 | Snake:2  | 22644 ||| INVOKING Heroism.
 22912 | Snake:3  | 22912 ||| STAIRDANCE
 23088 | Snake:3  | 23088 ||| INVOKING Heroism.
 23141 | Snake:3  | 23141 ||| FLEEEEING.
 23142 | Snake:3  | 23142 ||| FLEEEEING.
 23143 | Snake:3  | 23143 ||| FLEEEEING.
 23291 | Snake:3  | Found a stormy altar of Qazlal.
 23414 | Snake:3  | 23414 ||| INVOKING Heroism.
 23415 | Snake:3  | 23415 ||| Stepping ~*~*~tactically~*~*~ (outnumbered).
 23574 | Snake:3  | 23574 ||| INVOKING Heroism.
 23595 | Snake:3  | Found a white marble altar of Elyvilon.
 23743 | Snake:3  | 23743 ||| READING scroll of enchant weapon.
 23743 | Snake:3  | 23743 ||| ENCHANTING +6 longbow of draining.
 23893 | Snake:3  | 23893 ||| INVOKING Heroism.
 24023 | Snake:3  | Reached skill level 18 in Dodging
 24090 | Snake:3  | 24090 ||| Stepping ~*~*~tactically~*~*~ (outnumbered).
 24098 | Snake:3  | 24098 ||| Stepping ~*~*~tactically~*~*~ (outnumbered).
 24226 | Snake:3  | 24226 ||| PLANNING SWAMP:1-3
 24226 | Snake:3  | 24226 ||| DROPPING +4 ring of protection.
 24412 | Swamp:1  | Entered Level 1 of the Swamp
 24416 | Swamp:1  | 24416 ||| DRINKING potion of resistance.
 24418 | Swamp:1  | 24418 ||| INVOKING Heroism.
 24438 | Swamp:1  | Received a gift from Okawaru
 24444 | Swamp:1  | Reached XP level 17. HP: 120/166 MP: 23/23
 24483 | Swamp:1  | 24483 ||| STAIRDANCE
 24537 | Swamp:1  | 24537 ||| STAIRDANCE
 24697 | Swamp:1  | 24697 ||| INVOKING Heroism.
 24734 | Swamp:1  | 24734 ||| READING 3 scrolls of enchant armour.
 24734 | Swamp:1  | 24734 ||| ENCHANTING +1 pair of gloves.
 24748 | Swamp:1  | 24748 ||| INVOKING Heroism.
 24859 | Swamp:1  | 24859 ||| INVOKING Heroism.
 24865 | Swamp:1  | 24865 ||| SWAPPING to +3 longbow of flaming.
 24869 | Swamp:1  | 24869 ||| SWAPPING to +7 longbow of draining.
 25095 | Swamp:1  | 25095 ||| DROPPING ring of willpower.
 25104 | Swamp:2  | Reached skill level 19 in Fighting
 25109 | Swamp:2  | 25109 ||| INVOKING Heroism.
 25243 | Swamp:2  | 25243 ||| INVOKING Heroism.
 25261 | Swamp:2  | 25261 ||| Stepping ~*~*~tactically~*~*~ (cloud).
 25269 | Swamp:2  | 25269 ||| DRINKING 15 potions of curing.
 25269 | Swamp:2  | 25269 ||| (to cure confusion)
 25296 | Swamp:2  | 25296 ||| INVOKING Heroism.
 25297 | Swamp:2  | 25297 ||| SWAPPING to +3 longbow of flaming.
 25301 | Swamp:2  | 25301 ||| SWAPPING to +7 longbow of draining.
 25345 | Swamp:2  | 25345 ||| INVOKING Heroism.
 25424 | Swamp:2  | 25424 ||| INVOKING Heroism.
 25428 | Swamp:2  | Received a gift from Okawaru
 25472 | Swamp:2  | 25472 ||| INVOKING Heroism.
 25487 | Swamp:2  | 25487 ||| SWAPPING to +3 longbow of flaming.
 25490 | Swamp:2  | 25490 ||| SWAPPING to +7 longbow of draining.
 25495 | Swamp:2  | 25495 ||| SWAPPING to +3 longbow of flaming.
 25497 | Swamp:2  | 25497 ||| SWAPPING to +7 longbow of draining.
 25656 | Swamp:2  | 25656 ||| INVOKING Heroism.
 25661 | Swamp:2  | 25661 ||| SWAPPING to +3 longbow of flaming.
 25664 | Swamp:2  | 25664 ||| SWAPPING to +7 longbow of draining.
 25668 | Swamp:2  | 25668 ||| SWAPPING to +3 longbow of flaming.
 25671 | Swamp:2  | 25671 ||| SWAPPING to +7 longbow of draining.
 25712 | Swamp:2  | 25712 ||| DROPPING ring of magical power.
 25767 | Swamp:3  | Reached skill level 20 in Fighting
 25774 | Swamp:3  | Noticed Bai Suzhen
 25775 | Swamp:3  | 25775 ||| INVOKING Heroism.
 25776 | Swamp:3  | 25776 ||| INVOKING Finesse.
 25799 | Swamp:3  | Killed Bai Suzhen
 25975 | Swamp:3  | Identified the +7 chain mail "Luhon" {Drain rCorr Str+5}
                  | (Okawaru gifted it to you on level 3 of the Swamp)
 25975 | Swamp:3  | Received a gift from Okawaru
 26062 | Swamp:3  | 26062 ||| INVOKING Heroism.
 26272 | Swamp:3  | 26272 ||| PLANNING SNAKE:4
 26513 | Snake:4  | Entered Level 4 of the Snake Pit
 26556 | Snake:4  | Identified Roxanne's Encyclopedia of Excavation
 26556 | Snake:4  | Noticed Roxanne
 26557 | Snake:4  | 26557 ||| INVOKING Heroism.
 26558 | Snake:4  | 26558 ||| INVOKING Finesse.
 26566 | Snake:4  | Killed Roxanne
 26649 | Snake:4  | 26649 ||| Stepping ~*~*~tactically~*~*~ (outnumbered).
 26651 | Snake:4  | 26651 ||| Stepping ~*~*~tactically~*~*~ (outnumbered).
 26658 | Snake:4  | 26658 ||| Stepping ~*~*~tactically~*~*~ (outnumbered).
 26665 | Snake:4  | 26665 ||| Stepping ~*~*~tactically~*~*~ (outnumbered).
 26676 | Snake:4  | 26676 ||| INVOKING Heroism.
 26771 | Snake:4  | 26771 ||| INVOKING Heroism.
 26775 | Snake:4  | 26775 ||| Stepping ~*~*~tactically~*~*~ (outnumbered).
 26802 | Snake:4  | 26802 ||| Stepping ~*~*~tactically~*~*~ (outnumbered).
 26804 | Snake:4  | 26804 ||| Stepping ~*~*~tactically~*~*~ (outnumbered).
 26805 | Snake:4  | 26805 ||| Stepping ~*~*~tactically~*~*~ (outnumbered).
 26807 | Snake:4  | 26807 ||| Stepping ~*~*~tactically~*~*~ (outnumbered).
 26813 | Snake:4  | 26813 ||| INVOKING Heroism.
 26888 | Snake:4  | 26888 ||| INVOKING Heroism.
 26946 | Snake:4  | 26946 ||| INVOKING Heroism.
 26949 | Snake:4  | 26949 ||| Stepping ~*~*~tactically~*~*~ (outnumbered).
 27199 | Snake:4  | 27199 ||| INVOKING Heroism.
 27205 | Snake:4  | Reached skill level 21 in Fighting
 27286 | Snake:4  | 27286 ||| Stepping ~*~*~tactically~*~*~ (outnumbered).
 27288 | Snake:4  | 27288 ||| Stepping ~*~*~tactically~*~*~ (outnumbered).
 27300 | Snake:4  | 27300 ||| Stepping ~*~*~tactically~*~*~ (outnumbered).
 27303 | Snake:4  | 27303 ||| Stepping ~*~*~tactically~*~*~ (outnumbered).
 27306 | Snake:4  | 27306 ||| Stepping ~*~*~tactically~*~*~ (outnumbered).
 27310 | Snake:4  | 27310 ||| INVOKING Heroism.
 27311 | Snake:4  | 27311 ||| Stepping ~*~*~tactically~*~*~ (outnumbered).
 27341 | Snake:4  | Reached XP level 18. HP: 167/182 MP: 24/24
 27374 | Snake:4  | 27374 ||| DROPPING +3 longbow of flaming.
 27385 | Snake:4  | 27385 ||| INVOKING Heroism.
 27421 | Snake:4  | Got a serpentine rune of Zot
 27735 | Snake:4  | 27735 ||| PLANNING VAULTS:1-4
 28052 | Vaults:1 | Entered Level 1 of the Vaults
 28053 | Vaults:1 | 28053 ||| PLANNING BAZAAR
 28113 | Vaults:1 | Received a gift from Okawaru
 28114 | Vaults:1 | 28114 ||| INVOKING Heroism.
 28115 | Vaults:1 | 28115 ||| INVOKING Finesse.
 28229 | Vaults:1 | 28229 ||| INVOKING Heroism.
 28284 | Vaults:1 | 28284 ||| Stepping ~*~*~tactically~*~*~ (outnumbered).
 28287 | Vaults:1 | 28287 ||| Stepping ~*~*~tactically~*~*~ (outnumbered).
 28289 | Vaults:1 | 28289 ||| Stepping ~*~*~tactically~*~*~ (outnumbered).
 28291 | Vaults:1 | 28291 ||| Stepping ~*~*~tactically~*~*~ (outnumbered).
 28292 | Vaults:1 | Noticed Saint Roka
 28293 | Vaults:1 | 28293 ||| INVOKING Heroism.
 28294 | Vaults:1 | 28294 ||| Stepping ~*~*~tactically~*~*~ (outnumbered).
 28321 | Vaults:1 | 28321 ||| INVOKING Finesse.
 28336 | Vaults:1 | Killed Saint Roka
 28435 | Vaults:1 | Found a flickering gateway to a bazaar.
 28458 | Vaults:1 | Reached skill level 22 in Fighting
 28485 | Bazaar   | Entered a bazaar
 28487 | Bazaar   | Found Onimar's Armour Boutique.
 28491 | Bazaar   | 28491 ||| BUYING +2 pair of gloves of strength (344 gold).
 28491 | Bazaar   | Bought a +2 pair of gloves of strength for 344 gold pieces
 28491 | Bazaar   | 28491 ||| BUYING +2 ring mail of poison resistance (288
                  | gold).
 28491 | Bazaar   | Bought a +2 ring mail of poison resistance for 288 gold
                  | pieces
 28491 | Bazaar   | Found Soboul's Assorted Antiques.
 28491 | Bazaar   | Found Haniz's Antique Weapon Boutique.
 28492 | Bazaar   | Found Nebbes's General Store.
 28497 | Bazaar   | 28497 ||| BUYING scroll of enchant weapon (67 gold).
 28497 | Bazaar   | Bought a scroll of enchant weapon for 67 gold pieces
 28497 | Bazaar   | 28497 ||| READING scroll of enchant weapon.
 28497 | Bazaar   | 28497 ||| ENCHANTING +7 longbow of draining.
 28503 | Bazaar   | 28503 ||| BUYING potion of cancellation (208 gold).
 28503 | Bazaar   | Bought a potion of cancellation for 208 gold pieces
 28503 | Bazaar   | 28503 ||| BUYING potion of curing (78 gold).
 28503 | Bazaar   | Bought a potion of curing for 78 gold pieces
 28516 | Bazaar   | 28516 ||| UPGRADING to +2 pair of gloves of strength.
 28526 | Bazaar   | 28526 ||| DROPPING +2 pair of gloves.
 28527 | Bazaar   | 28527 ||| UPGRADING to +2 ring mail of poison resistance.
 28541 | Vaults:1 | 28541 ||| PLANNING VAULTS:1-4
 28600 | Vaults:1 | 28600 ||| Stepping ~*~*~tactically~*~*~ (outnumbered).
 28601 | Vaults:1 | 28601 ||| Stepping ~*~*~tactically~*~*~ (outnumbered).
 28675 | Vaults:1 | 28675 ||| INVOKING Heroism.
 28676 | Vaults:1 | 28676 ||| INVOKING Finesse.
 28839 | Vaults:1 | Noticed Zenata
 28840 | Vaults:1 | 28840 ||| INVOKING Heroism.
 28853 | Vaults:1 | Killed Zenata
 28927 | Vaults:1 | 28927 ||| READING scroll of enchant weapon.
 28927 | Vaults:1 | 28927 ||| ENCHANTING +8 longbow of draining.
 29036 | Vaults:1 | 29036 ||| Stepping ~*~*~tactically~*~*~ (outnumbered).
 29037 | Vaults:1 | 29037 ||| Stepping ~*~*~tactically~*~*~ (outnumbered).
 29053 | Vaults:1 | 29053 ||| INVOKING Heroism.
 29054 | Vaults:1 | 29054 ||| INVOKING Finesse.
 29076 | Vaults:1 | Received a gift from Okawaru
 29431 | Vaults:1 | 29431 ||| FLEEEEING.
 29432 | Vaults:1 | 29432 ||| FLEEEEING.
 29433 | Vaults:1 | 29433 ||| FLEEEEING.
 29434 | Vaults:1 | 29434 ||| FLEEEEING.
 29435 | Vaults:1 | 29435 ||| FLEEEEING.
 29436 | Vaults:1 | 29436 ||| FLEEEEING.
 29437 | Vaults:1 | 29437 ||| FLEEEEING.
 29438 | Vaults:1 | 29438 ||| FLEEEEING.
 29442 | Vaults:1 | 29442 ||| FLEEEEING.
 29443 | Vaults:1 | 29443 ||| FLEEEEING.
 29444 | Vaults:1 | 29444 ||| FLEEEEING.
 29445 | Vaults:1 | 29445 ||| FLEEEEING.
 29451 | Vaults:1 | Reached skill level 12 in Armour
 29606 | Vaults:1 | 29606 ||| DROPPING +1 pair of boots of rampaging.
 29683 | Vaults:2 | You are sucked into a shaft and drop 1 floor!
 29684 | Vaults:3 | 29684 ||| INVOKING Heroism.
 29685 | Vaults:3 | 29685 ||| INVOKING Finesse.
 29813 | Vaults:3 | 29813 ||| INVOKING Heroism.
 29993 | Vaults:3 | 29993 ||| INVOKING Heroism.
 30000 | Vaults:3 | 30000 ||| Stepping ~*~*~tactically~*~*~ (outnumbered).
 30004 | Vaults:3 | 30004 ||| Stepping ~*~*~tactically~*~*~ (outnumbered).
 30034 | Vaults:3 | HP: 42/184 [centaur warrior (6)]
 30035 | Vaults:3 | 30035 ||| READING 8 scrolls of teleportation.
 30036 | Vaults:3 | 30036 ||| DRINKING 2 potions of heal wounds.
 30384 | Vaults:3 | 30384 ||| INVOKING Heroism.
 30414 | Vaults:3 | 30414 ||| INVOKING Heroism.
 30498 | Vaults:2 | 30498 ||| INVOKING Heroism.
 30544 | Vaults:2 | Noticed Nikola
 30545 | Vaults:2 | 30545 ||| INVOKING Heroism.
 30548 | Vaults:2 | 30548 ||| Stepping ~*~*~tactically~*~*~ (outnumbered).
 30561 | Vaults:2 | Killed Nikola
 30562 | Vaults:2 | Reached XP level 19. HP: 190/193 MP: 25/25
 30586 | Vaults:2 | 30586 ||| READING scroll of brand weapon.
 30586 | Vaults:2 | 30586 ||| BRANDING +9 longbow of draining.
 30636 | Vaults:2 | Found a staircase to the Crypt.
 30780 | Vaults:2 | 30780 ||| INVOKING Heroism.
 30781 | Vaults:2 | 30781 ||| INVOKING Finesse.
 30850 | Vaults:2 | Reached skill level 23 in Fighting
 30957 | Vaults:2 | Identified the +10 orcbow of Darkness {flame, rC+}
 31000 | Vaults:2 | 31000 ||| INVOKING Heroism.
 31000 | Vaults:2 | Paralysed by a sphinx for 4 turns
 31004 | Vaults:2 | 31004 ||| INVOKING Finesse.
 31363 | Vaults:2 | 31363 ||| FLEEEEING.
 31364 | Vaults:2 | 31364 ||| FLEEEEING.
 31744 | Vaults:3 | Noticed Mara
 31745 | Vaults:3 | 31745 ||| INVOKING Heroism.
 31746 | Vaults:3 | 31746 ||| INVOKING Finesse.
 31756 | Vaults:3 | Noticed qw's illusion
 31770 | Vaults:3 | 31770 ||| STAIRDANCE
 32036 | Vaults:3 | 32036 ||| INVOKING Heroism.
 32037 | Vaults:3 | 32037 ||| INVOKING Finesse.
 32049 | Vaults:3 | Noticed qw's illusion
 32054 | Vaults:3 | 32054 ||| STAIRDANCE
 32279 | Vaults:3 | 32279 ||| INVOKING Heroism.
 32281 | Vaults:3 | Noticed qw's illusion
 32285 | Vaults:3 | 32285 ||| STAIRDANCE
 32528 | Vaults:3 | 32528 ||| INVOKING Heroism.
 32532 | Vaults:3 | Noticed qw's illusion
 32541 | Vaults:3 | 32541 ||| STAIRDANCE
 32541 | Vaults:3 | HP: 48/195 [Mara (illusionary)/+3 demon trident of freezing
                  | (10)]
 32831 | Vaults:3 | 32831 ||| INVOKING Heroism.
 32837 | Vaults:3 | Noticed qw's illusion
 32843 | Vaults:3 | Killed Mara
 33028 | Vaults:3 | Reached skill level 21 in Dodging
 33071 | Vaults:3 | Noticed a golden dragon
 33072 | Vaults:3 | 33072 ||| INVOKING Heroism.
 33077 | Vaults:3 | 33077 ||| INVOKING Finesse.
 33091 | Vaults:3 | Killed a golden dragon
 33215 | Vaults:3 | Noticed Donald
 33216 | Vaults:3 | 33216 ||| INVOKING Heroism.
 33224 | Vaults:3 | Killed Donald
 33471 | Vaults:3 | Identified the +0 scale mail of Foippeix {rElec Regen+
                  | Str+3 Dex+3}
 33529 | Vaults:4 | 33529 ||| DRINKING potion of resistance.
 33615 | Vaults:4 | Noticed Sojobo
 33616 | Vaults:4 | 33616 ||| INVOKING Heroism.
 33617 | Vaults:4 | 33617 ||| INVOKING Finesse.
 33620 | Vaults:4 | 33620 ||| Stepping ~*~*~tactically~*~*~ (outnumbered).
 33645 | Vaults:4 | Killed Sojobo
 33648 | Vaults:4 | HP: 19/198 [ironbound thunderhulk/bolt of lightning (36)]
 33649 | Vaults:4 | 33649 ||| READING 7 scrolls of teleportation.
 33650 | Vaults:4 | 33650 ||| DRINKING potion of heal wounds.
 33653 | Vaults:4 | HP: 45/198 [tengu reaver/+3 long sword of
                  | protection[Sojobo] (1)]
 33659 | Vaults:4 | 33659 ||| READING 6 scrolls of teleportation.
 33660 | Vaults:4 | 33660 ||| Stepping ~*~*~tactically~*~*~ (outnumbered).
 33664 | Vaults:4 | Reached skill level 24 in Fighting
 33664 | Vaults:4 | 33664 ||| READING 5 scrolls of teleportation.
 33670 | Vaults:4 | HP: 38/198 [centaur warrior/arrow (2)]
 33684 | Vaults:4 | 33684 ||| READING 4 scrolls of teleportation.
 33691 | Vaults:4 | 33691 ||| READING 3 scrolls of teleportation.
 33691 | Vaults:4 | HP: 33/198 [yaktaur/bolt[a vault warden] (13)]
 33702 | Vaults:4 | 33702 ||| READING 2 scrolls of teleportation.
 34023 | Vaults:4 | 34023 ||| Stepping ~*~*~tactically~*~*~ (cloud).
 34024 | Vaults:4 | 34024 ||| Stepping ~*~*~tactically~*~*~ (outnumbered).
 34026 | Vaults:4 | 34026 ||| INVOKING Heroism.
 34035 | Vaults:4 | 34035 ||| INVOKING Finesse.
 34041 | Vaults:4 | HP: 49/198 [poisoned by a vault warden]
 34042 | Vaults:4 | 34042 ||| READING scroll of teleportation.
 34046 | Vaults:4 | HP: 48/198 [poisoned by a vault warden]
 34048 | Vaults:4 | 34048 ||| FLEEEEING.
 34050 | Vaults:4 | 34050 ||| FLEEEEING.
 34059 | Vaults:4 | 34059 ||| FLEEEEING.
 34060 | Vaults:4 | 34060 ||| FLEEEEING.
 34061 | Vaults:4 | 34061 ||| FLEEEEING.
 34062 | Vaults:4 | 34062 ||| FLEEEEING.
 34064 | Vaults:4 | 34064 ||| STAIRDANCE
 34337 | Vaults:4 | 34337 ||| INVOKING Heroism.
 34338 | Vaults:4 | 34338 ||| INVOKING Finesse.
 34390 | Vaults:4 | Reached skill level 15 in Armour
 34406 | Vaults:4 | Found a portal to a secret trove of treasure.
 34427 | Vaults:4 | 34427 ||| INVOKING Heroism.
 34447 | Vaults:4 | 34447 ||| INVOKING Finesse.
 34448 | Vaults:4 | 34448 ||| Stepping ~*~*~tactically~*~*~ (outnumbered).
 34450 | Vaults:4 | 34450 ||| Stepping ~*~*~tactically~*~*~ (outnumbered).
 34642 | Vaults:4 | 34642 ||| INVOKING Heroism.
 34643 | Vaults:4 | 34643 ||| INVOKING Finesse.
 34710 | Vaults:4 | 34710 ||| FLEEEEING.
 34713 | Vaults:4 | 34713 ||| FLEEEEING.
 34714 | Vaults:4 | 34714 ||| FLEEEEING.
 34719 | Vaults:4 | 34719 ||| STAIRDANCE
 34852 | Vaults:4 | 34852 ||| INVOKING Heroism.
 34861 | Vaults:4 | Reached XP level 20. HP: 127/198 MP: 24/26
 34916 | Vaults:4 | 34916 ||| STAIRDANCE
 35071 | Vaults:4 | Found the +27 heavy crossbow "Sniper" {heavy, Acc+∞ SInv}
 35076 | Vaults:4 | 35076 ||| INVOKING Heroism.
 35117 | Vaults:4 | 35117 ||| INVOKING Finesse.
 35164 | Vaults:4 | 35164 ||| SWAPPING to +27 heavy crossbow "Sniper" {heavy,
                  | Acc+∞ SInv}.
 35165 | Vaults:4 | 35165 ||| DROPPING +9 longbow of flaming.
 35277 | Vaults:4 | 35277 ||| Stepping ~*~*~tactically~*~*~ (outnumbered).
 35419 | Vaults:4 | 35419 ||| INVOKING Heroism.
 35696 | Vaults:4 | 35696 ||| PLANNING SWAMP:4
 35696 | Vaults:4 | 35696 ||| UPGRADING to quicksilver dragon scales.
 35706 | Vaults:4 | 35706 ||| DROPPING +3 leather armour of cold resistance.
 35707 | Vaults:4 | 35707 ||| DROPPING +0 troll leather armour.
 36070 | Swamp:4  | Entered Level 4 of the Swamp
 36137 | Swamp:4  | 36137 ||| INVOKING Heroism.
 36138 | Swamp:4  | 36138 ||| INVOKING Finesse.
 36142 | Swamp:4  | Reached skill level 21 in Ranged Weapons
 36248 | Swamp:4  | 36248 ||| Stepping ~*~*~tactically~*~*~ (cloud).
 36477 | Swamp:4  | 36477 ||| Stepping ~*~*~tactically~*~*~ (cloud).
 36479 | Swamp:4  | 36479 ||| Stepping ~*~*~tactically~*~*~ (cloud).
 36482 | Swamp:4  | Noticed the 27-headed Lernaean hydra
 36484 | Swamp:4  | 36484 ||| Stepping ~*~*~tactically~*~*~ (cloud).
 36485 | Swamp:4  | 36485 ||| Stepping ~*~*~tactically~*~*~ (outnumbered).
 36486 | Swamp:4  | 36486 ||| INVOKING Heroism.
 36489 | Swamp:4  | HP: 50/209 [the 27-headed Lernaean hydra (7)]
 36490 | Swamp:4  | 36490 ||| READING scroll of teleportation.
 36490 | Swamp:4  | HP: 23/209 [the 27-headed Lernaean hydra (6)]
 36491 | Swamp:4  | HP: 10/209 [the 27-headed Lernaean hydra (7)]
 36491 | Swamp:4  | Slain by the 27-headed Lernaean hydra

Levels and vault maps discovered:
D:1:      spicycebolla_green_bress_n_ham, layout_loops_corners,
          grunt_decor_mini_mirrors
D:2:      layout_loops_cross, nrook_mini_backslash, grunt_ministairs_11
D:3:      layout_rooms, mainiacjoe_overflow_alcove_2, serial_shops,
          nicolae_shop_window_shopping, kennysheep_generic_room_12
D:4:      layout_loops_corners, kennysheep_pointless_box, nicolae_hexahallways
D:5:      layout_rooms, lightli_ossuary_entry_decrepit_ruins,
          minmay_misc_feat_five, kennysheep_generic_room_7
D:6:      layout_basic, kennysheep_slug_shrine, chequers_hall_statues_y
D:7:      layout_cave_pods, grunt_dithmenos_smoke,
          minmay_temple_entry_statues_fountains, uniq_duvessa,
          uniq_crazy_yiuf_cottage, uniq_menkaure
D:8:      layout_gridville, serial_shops, shop
D:9:      layout_rooms, due_lair_maze_entry_diamond, serial_shops,
          nicolae_stop_n_shop_2, uniq_erica
D:10:     layout_loops_ring, enter_bailey_2, gammafunk_ghost_grave,
          minmay_microvault
D:11:     layout_rooms, orc_0_dummy, serial_rivers,
          chequers_serial_rivers_small_3, chequers_serial_rivers_room_a,
          chequers_serial_rivers_room_b, chequers_serial_rivers_micro_d,
          chequers_serial_rivers_small_3, nicolae_fountain_basement
D:12:     layout_gridville, portal_ice_cave_entry_pillars_1, dk_vineyard_3
D:13:     layout_loops_ring, lightli_vaults_fourway_checkpoint,
          bh_walls_and_bars
D:14:     layout_loops_ring, minmay_misc_feat_diagonals,
          minmay_fractal_squares_diagonal_5
D:15:     hangedman_depths_entry_civil_slaughter, layout_long_grid,
          serial_shops, nicolae_book_shop_shelving, minmay_shop_mayhem,
          nzn_life_drinkers
Temple:   hellmonk_temple_of_storms
Lair:1:   layout_misc_corridors, gammafunk_ghost_hive, minmay_lair_oklob_bushes,
          serial_bayou_shore_a
Lair:2:   beast_lair_carwin_large_1, layout_cave_pods, swamp_mist,
          serial_bayou_shore_b, uniq_harold, uniq_sonja
Lair:3:   layout_layer_cave, dummy_snake_entry, nzn_masters_of_martial_movement,
          uniq_snorg, uniq_gastronok
Lair:4:   layout_cellular_growth, slime_entry_1, uniq_nessos, uniq_kirke,
          uniq_josephine
Lair:5:   gammafunk_lair_ancient_temple, layout_loops_ring, grunt_megastairs_3
Swamp:1:  layout_basic_swamp, evilmike_swamp_ruin_house_4
Swamp:2:  layout_basic_swamp, serial_swamp_ruin, evilmike_swamp_ruin_house_3,
          evilmike_swamp_ruin_rubble_1, swamp_pool5, nicolae_swamp_baby_hydras
Swamp:3:  layout_basic_swamp, evilmike_swamp_ruin_house_2, uniq_bai_suzhen
Swamp:4:  swamp_old_school, layout_basic_swamp, swamp_pool5,
          nicolae_swamp_well_well_well
Snake:1:  layout_cave_shapes, special_room, drop_trap, grunt_ministairs_9
Snake:2:  nicolae_cobra_stairs, layout_basic, serial_shops,
          nicolae_stop_n_shop_2, nicolae_fountain_basement, grunt_megastairs_1
Snake:3:  layout_onion_interference, st_stairs_1, hangedman_feature_mirror,
          grunt_ministairs_11
Snake:4:  grunt_snake_rune_pools, layout_cave_town, uniq_roxanne
Orc:1:    layout_diamond_mine, basic_altar, serial_shops, shop,
          nicolae_orc_rich_vein
Orc:2:    st_orc_elflike, layout_caves, serial_shops, nicolae_book_shop_shelving
Vaults:1: v_misc_12, hangedman_vaults_restitches,
          nicolae_vaults_storage_room_glass, vaults_mumra_chevron,
          hangedman_vaults_stagger, vaults_mumra_hex, vaults_room_corners,
          dpeg_vaults_monster_box, layout_vaults_omnigrid, serial_shops,
          bzr_entry_water, uniq_saint_roka, uniq_zenata
Vaults:2: vaults_room_door_ring, vaults_room_large_hall,
          nicolae_vaults_variable_pillar_hall, v_misc_5,
          nicolae_vaults_network_quincunx
          [nicolae_vaults_network_quincunx_subvault,
          nicolae_vaults_network_quincunx_subvault,
          nicolae_vaults_network_quincunx_subvault,
          nicolae_vaults_network_quincunx_subvault,
          nicolae_vaults_network_quincunx_subvault], vaults_mumra_hexcomb,
          nicolae_vaults_ninety_degrees, nicolae_vaults_ring_of_whatevers,
          nicolae_vaults_apartment_2, nicolae_vaults_sesquioval_fish,
          ontoclasm_vaults_gateway, nicolae_vaults_tetromino_L_2,
          ontoclasm_vaults_ring_small, v_misc_2, v_misc_16,
          layout_vaults_omnicross, uniq_nikola
Vaults:3: hangedman_vaults_stream, v_misc_19, nicolae_vaults_what_the_h,
          v_misc_27, vaults_dpeg_hooks, nicolae_vaults_trapezoid_3,
          nicolae_vaults_trapezoid_lopsided_3,
          nicolae_vaults_shipping_containers_7, nicolae_vaults_tetromino_L_2,
          nicolae_vaults_heart-shaped_vault, nicolae_vaults_sealed_display,
          nicolae_vaults_surprise_closet, layout_vaults_ring, uniq_donald,
          uniq_mara
Vaults:4: nicolae_vaults_closet_pinwheel_3, vaults_mumra_minichess,
          hangedman_vaults_hat, nicolae_vaults_stepped_doors,
          hangedman_vaults_nails, ontoclasm_vaults_loading_screen,
          hangedman_vaults_locks, hangedman_vaults_corner_blocks, v_misc_13,
          minmay_guarded_unrand_secular_launcher, vaults_room_grid,
          nicolae_vaults_tetromino_Z_1, layout_vaults_maze, enter_trove_0,
          uniq_sojobo

Skill      XL: |  1  2  3  4  5  6  7  8  9 10 11 12 13 14 15 16 17 18 19 20 |
---------------+-------------------------------------------------------------+-----
Ranged Weapons | 5 6 8 9 11 13 14 16 19 20 21 | 21.3
Fighting       | 3 4 6 7 8 10 11 12 15 17 18 21 22 24 | 24.7
Armour         | 2 3 4 5 6 7 8 9 14 15 | 15.0
Dodging        | 3 4 5 7 8 9 10 11 14 18 19 20 21 | 21.2
Invocations    | 1 4 6 9 10 | 10.0
Stealth        | |  0.7

Action                     |  1- 3 |  4- 6 |  7- 9 | 10-12 | 13-15 | 16-18 | 19-21 || total
---------------------------+-------+-------+-------+-------+-------+-------+-------++-------
   Fire: Shortbow          |    69 |       |       |       |       |       |       ||    69
         Longbow           |    26 |   122 |   211 |   371 |  1097 |  1266 |   520 ||  3613
         Arbalest          |     1 |       |       |       |       |       |       ||     1
         Heavy crossbow    |       |       |       |       |       |       |    90 ||    90
 Invoke: Heroism           |       |       |     1 |    27 |    40 |    45 |    19 ||   132
         Finesse           |       |       |       |     1 |     9 |     7 |    12 ||    29
    Use: Scroll            |     4 |    11 |    15 |     5 |     4 |     5 |     9 ||    53
         Potion            |     1 |     3 |     3 |       |     4 |     3 |     2 ||    16
 Armour: Leather armour    |    10 |     3 |       |       |       |       |       ||    13
         Ring mail         |       |    11 |    20 |     3 |       |    42 |    55 ||   131
         Steam dragon scal |       |       |       |    22 |    24 |       |       ||    46
         Troll leather arm |       |       |       |       |    81 |     9 |       ||    90
         Robe              |       |       |       |       |       |    35 |       ||    35
         Quicksilver drago |       |       |       |       |       |       |    93 ||    93
  Dodge: Dodged            |    16 |    33 |    40 |    67 |   390 |   555 |   519 ||  1620
  Block: Other             |       |       |    12 |    18 |    59 |       |       ||    89
         Reflection        |       |       |     3 |       |     8 |       |       ||    11

Table legend:
 A = Non-vault XP
 B = Vault XP
 C = Vault XP percentage of total XP
 D = Non-vault monster count
 E = Vault monster count
 F = Vault count percentage of total count
                 A         B        C        D         E       F
            +---------+---------+-------+---------+---------+-------
      Total |  280020 |  239916 |  46.1 |     869 |     382 |  30.5
            +---------+---------+-------+---------+---------+-------
        D:1 |      40 |       0 |   0.0 |      20 |       0 |   0.0
        D:2 |      69 |       3 |   4.2 |      18 |       2 |  10.0
        D:3 |     103 |       0 |   0.0 |      27 |       0 |   0.0
        D:4 |     312 |       0 |   0.0 |      19 |       0 |   0.0
        D:5 |     812 |      48 |   5.6 |      26 |       2 |   7.1
        D:6 |     659 |       4 |   0.6 |      19 |       1 |   5.0
        D:7 |     809 |     399 |  33.0 |      26 |       3 |  10.3
        D:8 |    1531 |       0 |   0.0 |      17 |       0 |   0.0
        D:9 |    1612 |    1913 |  54.3 |      20 |       9 |  31.0
       D:10 |    3181 |    1889 |  37.3 |      26 |       5 |  16.1
       D:11 |    3837 |       0 |   0.0 |      13 |       0 |   0.0
       D:12 |    5156 |       0 |   0.0 |      17 |       0 |   0.0
       D:13 |    8358 |    7173 |  46.2 |      19 |      12 |  38.7
       D:14 |    9474 |    3918 |  29.3 |      19 |       7 |  26.9
       D:15 |   10632 |    5323 |  33.4 |      29 |       7 |  19.4
     Lair:1 |    6897 |     542 |   7.3 |      30 |       1 |   3.2
     Lair:2 |    7913 |    2342 |  22.8 |      21 |      10 |  32.3
     Lair:3 |    6864 |    7118 |  50.9 |      28 |      11 |  28.2
     Lair:4 |    5195 |    5336 |  50.7 |      20 |      13 |  39.4
     Lair:5 |   10854 |    9271 |  46.1 |      32 |      22 |  40.7
    Swamp:1 |   12253 |       0 |   0.0 |      22 |       0 |   0.0
    Swamp:2 |   10640 |    4704 |  30.7 |      19 |       8 |  29.6
    Swamp:3 |   12974 |    3046 |  19.0 |      28 |       1 |   3.4
    Swamp:4 |   11257 |    5820 |  34.1 |      21 |      14 |  40.0
    Snake:1 |   16830 |    2275 |  11.9 |      33 |       4 |  10.8
    Snake:2 |   14893 |   13926 |  48.3 |      37 |      21 |  36.2
    Snake:3 |   15932 |    2822 |  15.0 |      34 |       6 |  15.0
    Snake:4 |   12883 |   30800 |  70.5 |      28 |      39 |  58.2
      Orc:1 |    2232 |       0 |   0.0 |      27 |       0 |   0.0
      Orc:2 |    4260 |    8140 |  65.6 |      45 |      25 |  35.7
   Vaults:1 |   13534 |   29139 |  68.3 |      21 |      45 |  68.2
   Vaults:2 |   11367 |   24089 |  67.9 |      16 |      29 |  64.4
   Vaults:3 |   23046 |   27083 |  54.0 |      36 |      26 |  41.9
   Vaults:4 |   33611 |   42131 |  55.6 |      56 |      45 |  44.6
    Ossuary |       0 |     662 | 100.0 |       0 |      14 | 100.0
            +---------+---------+-------+---------+---------+-------
